 Dungeon Crawl Stone Soup version 0.27-a0-277-g024f7ef292 (webtiles) character file.

Game seed: 17333539741597768952

415 runemasterragnar the Insei (level 6, 0/41 HPs)
             Began as an Octopode Transmuter on Feb 6, 2021.
             Was an Initiate of Gozag.
             Slain by Menkaure (11 damage)
             ... on level 4 of the Dungeon.
             The game lasted 00:03:58 (4819 turns).

runemasterragnar the Insei (Octopode Transmuter)    Turns: 4819, Time: 00:03:58

Health: 0/41       AC:  2    Str: 10    XL:     6   Next: 91%
Magic:  5/10       EV: 21    Int: 17    God:    Gozag
Gold:   216        SH:  0    Dex: 17    Spells: 4/10 levels left

rFire    . . .     SeeInvis .     - Unarmed
rCold    . . .     Faith    .   (shield currently unavailable)
rNeg     . . .     Spirit   .   (helmet currently unavailable)
rPois    x         Reflect  .   (no amulet)
rElec    .         Harm     .   c - ring of willpower
rCorr    .         Rampage  .   (no ring)
Will     +....                  (no ring)
Stlth    ++........             (no ring)
HPRegen  0.13/turn              (no ring)
MPRegen  0.12/turn              (no ring)
                                (no ring)
                                (no ring)

@: spider-form (expiring)
A: tiny, almost no armour, stealthy swim, (amphibious), 8 rings, (constrict 8)
a: End Transformation, Renounce Religion, Potion Petition, Call Merchant, Bribe
Branch


You were on level 4 of the Dungeon.
You worshipped Gozag.
Gozag was aware of your devotion.
You were a venomous arachnid creature.
You visited 2 branches of the dungeon, and saw 5 of its levels.

You collected 282 gold pieces.
You paid 66 gold pieces to Gozag.

Inventory:

Hand Weapons
 n - a +0 trident
Missiles
 j - 3 javelins
Jewellery
 c - a ring of willpower (left front leg)
 g - an uncursed amulet of magic regeneration {unknown}
Wands
 o - a wand of polymorph (6)
Scrolls
 a - a scroll of magic mapping {unknown}
 b - 6 scrolls of teleportation {unknown}
 d - 3 scrolls of identify {unknown}
 f - a scroll of enchant weapon {unknown}
 h - 2 scrolls of amnesia {unknown}
 m - a scroll of noise {unknown}
 q - a scroll of random uselessness {unknown}
Potions
 e - a potion of invisibility {unknown}
 i - a potion of resistance {unknown}
 k - a potion of haste {unknown}
 l - a potion of berserk rage {unknown}
 p - a potion of mutation {unknown}
 r - a potion of might {unknown}


   Skills:
 + Level 2.4 Fighting
 + Level 3.0 Dodging
 + Level 3.0 Stealth
 * Level 4.5 Unarmed Combat
 + Level 2.7 Spellcasting
 * Level 4.1 Transmutations


You had 4 spell levels left.
You knew the following spells:

 Your Spells              Type           Power        Failure   Level
a - Beastly Appendage     Tmut           32%          11%         1
b - Wereblood             Tmut           16%          14%         2
c - Spider Form           Tmut/Pois      4%           43%         3

Your spell library contained the following spells:

 Spells                   Type           Power        Failure   Level
 Ice Form                 Ice/Tmut       9%           78%         4
 Blade Hands              Tmut           8%           83%         5


Dungeon Overview and Level Annotations

Branches:
Dungeon (4/15)             Temple (1/1) D:4

Altars:
Ashenzari
Cheibriados
Dithmenos
Fedhas
Gozag
Hepliaklqana
Kikubaaqudgha
Okawaru
Ru
Sif Muna
Trog

Annotations:
D:3 3 runed translucent doors, Heh's ghost, amateur DsMo
D:4 Menkaure


Innate Abilities, Weirdness & Mutations

You cannot wear most types of armour.
You are very stealthy in the water. (Stealth+)
((You are amphibious.))
You can wear up to eight rings at the same time.
((You can use your tentacles to constrict eight enemies at once.))
((Your skin changes colour to match your surroundings (Stealth+).))
((Your rubbery body absorbs attacks. (AC +1, EV +1)))


Message History

Your transformation is almost over.
You hit Menkaure but do no damage.
Menkaure is moderately damaged.
Menkaure closely misses you.
You hit Menkaure.
Menkaure is moderately damaged.
Menkaure calls on the powers of darkness!
Your body is wracked with pain!
You bite Menkaure!
Menkaure is severely damaged.
Menkaure hits you!
* * * LOW HITPOINT WARNING * * *
Your magical contamination has completely faded away.
You hit Menkaure but do no damage.
Menkaure is severely damaged.
You hit Menkaure.
Menkaure is severely damaged.
Menkaure hits you!
You die...
Your body crumbles into a pile of gold.

########### +.(......>## #######
###### #######..... ......#
#.....# #...... ......# #..<...
#######...... ......# #......##
#...#........ ......# #......M#
#.#.......... ......# #......s#
#.###.#.#.... ......#
#.......####.......#.##. ......#
#..................#.... ......#
#.....##########.#.#.#). ......#
###### #.........
...#######...#############...#.#.
.........'.................###.#.
##.#######...#########...###...##
...# #...# #....#........#


You could see Menkaure.

Vanquished Creatures
  A centaur (D:4)
  A scorpion (D:4)
  An orc priest (D:4)
  Terence (D:3)
  An iguana (D:4)
  9 adders
  An ooze (D:3)
  An adder skeleton (D:2)
  4 worms
  A dart slug (D:2)
  5 leopard geckos
  7 orcs
  8 bats
  A giant cockroach (D:1)
  9 goblins
  8 hobgoblins
  10 jackals
  11 kobolds
  3 quokkas
  2 ball pythons
  4 frilled lizards
  9 rats
98 creatures vanquished.

Vanquished Creatures (others)
  2 fungi (D:3)
  2 plants (D:3)
4 creatures vanquished.

Grand Total: 102 creatures vanquished

Notes
Turn   | Place    | Note
-------+----------+-------------------------------------------
     0 | D:1      | runemasterragnar the Octopode Transmuter began the quest
                  | for the Orb.
     0 | D:1      | Reached XP level 1. HP: 13/13 MP: 3/3
     2 | D:1      | Noticed a vampire
     2 | D:1      | Noticed a halfling
     4 | D:1      | Noticed a minotaur
     4 | D:1      | Noticed an elf
     6 | D:1      | Noticed a tengu
     6 | D:1      | Noticed a merfolk
     8 | D:1      | Noticed a vine stalker
     8 | D:1      | Noticed a human
    10 | D:1      | Noticed a demigod
    10 | D:1      | Noticed a naga
    12 | D:1      | Noticed a spriggan
    14 | D:1      | Noticed a dwarf
    14 | D:1      | Noticed an ogre
    16 | D:1      | Noticed a gargoyle
    16 | D:1      | Noticed a ghoul
    18 | D:1      | Noticed a demonspawn
    20 | D:1      | Noticed a felid
    20 | D:1      | Noticed a troll
    22 | D:1      | Noticed an octopode
    24 | D:1      | Noticed a centaur
    26 | D:1      | Noticed a draconian
    26 | D:1      | Noticed a formicid
    63 | D:1      | Reached XP level 2. HP: 18/18 MP: 3/5
   193 | D:1      | Reached skill level 1 in Stealth
   567 | D:1      | Reached XP level 3. HP: 22/23 MP: 6/6
  1349 | D:2      | Reached XP level 4. HP: 23/28 MP: 7/7
  2310 | D:3      | Reached XP level 5. HP: 19/34 MP: 8/8
  2903 | D:3      | Found a runed translucent gate.
  2903 | D:3      | Found a runed translucent gate.
  2903 | D:3      | Noticed a big kobold
  2905 | D:3      | Found a runed translucent gate.
  2906 | D:3      | Noticed a big kobold
  2906 | D:3      | Noticed Heh's ghost (amateur DsMo)
  3216 | D:3      | Noticed Terence
  3218 | D:3      | Found a sacrificial altar of Ru.
  3224 | D:3      | Killed Terence
  3452 | D:3      | Learned a level 2 spell: Wereblood
  3456 | D:3      | Learned a level 3 spell: Spider Form
  3866 | D:4      | Found a staircase to the Ecumenical Temple.
  3884 | D:4      | Noticed a centaur
  3888 | Temple   | Entered the Ecumenical Temple
  4037 | Temple   | Became a worshipper of Gozag Ym Sagoz the Greedy
  4070 | D:4      | Killed a centaur
  4071 | D:4      | Reached XP level 6. HP: 29/39 MP: 5/9
  4809 | D:4      | Noticed Menkaure
  4819 | D:4      | Slain by Menkaure

Illustrated notes

Levels and vault maps discovered:
D:1:      kb_arrival_jail, layout_basic
D:2:      layout_loops_ring, minmay_fractal_squares_5
D:3:      layout_rooms, overflow_temple_1_default,
          gammafunk_ghost_nasty_kobolds, kennysheep_generic_room_8, uniq_terence
D:4:      layout_basic, minmay_temple_entry_slanted, serial_shops, shop,
          uniq_menkaure
Temple:   nicolae_temple_figure_eight

Skill      XL: |  1  2  3  4  5  6 |
---------------+-------------------+-----
Stealth        | 1 2 3 |  3.0
Transmutations | 3 4 |  4.1
Fighting       | 2 |  2.4
Unarmed Combat | 4 |  4.5
Dodging        | 3 |  3.0
Spellcasting   | |  2.7

Action                   |  1- 3 |  4- 6 || total
-------------------------+-------+-------++-------
Melee: Unarmed           |   100 |   157 ||   257
       Constrict         |    32 |    29 ||    61
       Tentacles         |    21 |    19 ||    40
       Kick              |    19 |    14 ||    33
       Punch             |     1 |     1 ||     2
 Cast: Beastly Appendage |    11 |    14 ||    25
       Spider Form       |       |     3 ||     3
 Stab: Sleeping          |     5 |     7 ||    12
Armor: Skin              |    10 |    11 ||    21
Dodge: Dodged            |    75 |    75 ||   150

Table legend: (Time is in decaauts)
 A = Elapsed time spent in this place.
 B = Non-inter-level travel time spent in this place.
 C = Inter-level travel time spent in this place.
 D = Time resting spent in this place.
 E = Time spent auto-exploring this place.
 F = Levels seen in this place.
 G = Mean time per level.
                   A        B        C        D        E       F      G
               +--------+--------+--------+--------+--------+-----+--------+
         Total |   4803 |   4693 |    110 |    638 |   3415 |   5 |  960.6 |
       Dungeon |   4632 |   4543 |     89 |    638 |   3271 |   4 | 1158.0 |
        Temple |    170 |    149 |     21 |      0 |    144 |   1 |  170.0 |
               +--------+--------+--------+--------+--------+-----+--------+

Top non-repeatable levels by time:
     D:2: 1381 daAuts
     D:3: 1208 daAuts
     D:1: 1135 daAuts
     D:4: 907 daAuts
  Temple: 170 daAuts
